 Dungeon Crawl Stone Soup version 0.13-a0-3016-gcb2faac (webtiles) character file.

282 Daniel the Practitioner (level 4, 0/30 HPs)
             Began as a High Elf Healer on Sept 12, 2013.
             Was a Believer of Elyvilon.
             Slain by a worker ant (5 damage)
             ... on Level 4 of the Dungeon.
             The game lasted 00:14:51 (2828 turns).

Daniel the Practitioner (High Elf Healer)           Turns: 2828, Time: 00:14:51

HP   0/30        AC  5     Str 12      XL: 4   Next: 53%
MP  10/10        EV 14     Int 16      God: Elyvilon [**....]
Gold 177         SH  0     Dex 14      Spells:  0 memorised,  3 levels left

Res.Fire  : . . .   See Invis. : .   i - +2,+0 elf falchion
Res.Cold  : . . .   Warding    : .   a - +1 elf robe
Life Prot.: . . .   Conserve   : .   (no shield)
Res.Poison: .       Res.Corr.  : .   g - +0 horned helmet
Res.Elec. : .       Clarity    : .   w - +0 cloak
Sust.Abil.: . .     Spirit.Shd : .   (no gloves)
Res.Mut.  : .       Stasis     : .   (no boots)
Res.Rott. : .       Flight     : .   (no amulet)
Saprovore : . . .                    (no ring)
                                     (no ring)

@: mildly poisoned, slightly resistant to hostile enchantments, unstealthy
A: no striking features
a: Lesser Healing, Lesser Self-Healing, Divine Protection, Purification,
Renounce Religion


You were on level 4 of the Dungeon.
You worshipped Elyvilon.
Elyvilon was most pleased with you.
You were not hungry.

You visited 1 branch of the dungeon, and saw 4 of its levels.

You collected 77 gold pieces.

Inventory:

Hand weapons
 i - a +2,+0 elven falchion (weapon)
 n - a +1,+2 dwarven short sword
 r - a +2,+3 orcish dagger (quivered)
Missiles
 m - 38 arrows
 q - 14 poisoned arrows
Armour
 a - a +1 elven robe (worn)
 g - a +0 horned helmet (worn)
 w - a +0 cloak (worn)
Magical devices
 v - a wand of polymorph (13)
Comestibles
 d - 2 bread rations
 k - a pear
 l - a royal jelly
 x - a meat ration
 B - a rotting chunk of rat flesh
Scrolls
 e - 2 scrolls of identify
 f - a scroll of random uselessness {unknown}
 h - 2 scrolls of enchant armour
 u - a scroll of enchant weapon I {unknown}
 y - a scroll of amnesia {unknown}
 C - a scroll of curse jewellery {unknown}
Jewellery
 p - an uncursed ring of flight {unknown}
Potions
 b - 3 potions of curing
 c - 3 potions of heal wounds
 j - a potion of invisibility
 o - a potion of restore abilities {unknown}
 s - a potion of agility {unknown}
 A - a potion of cure mutation {unknown}
 D - 2 potions of slowing {unknown}
Books
 t - a book of Geomancy

   Spells                             Type                      Level
   Sandblast                          Earth                        1
   Stoneskin                          Transmutation/Earth          2
   Passwall                           Transmutation/Earth          3
   Stone Arrow                        Conjuration/Earth            3
   Petrify                            Transmutation/Earth          4
   Lee's Rapid Deconstruction         Earth                        5


   Skills:
 - Level 2.0 Fighting
 * Level 3.6 Short Blades
 - Level 3.9 Dodging
 - Level 4.0 Invocations


You had 3 spell levels left.
You didn't know any spells.

Dungeon Overview and Level Annotations

Branches:
Dungeon (4/27)
 Temple: D:4-7

Altars:


Message History

You hit the worker ant but do no damage.
The worker ant is severely wounded.
The worker ant bites you.
You barely miss the worker ant.
The worker ant is severely wounded.
The worker ant bites you.
* * * LOW HITPOINT WARNING * * *
The worker ant barely misses you.
You are too injured to fight recklessly!
You are too injured to fight recklessly!
You hit the worker ant but do no damage.
The worker ant is severely wounded.
The worker ant bites you.
* * * LOW HITPOINT WARNING * * *
You are poisoned.
The worker ant poisons you!
You hit the worker ant but do no damage.
The worker ant is severely wounded.
The worker ant bites you.
You die...

. . #. ... #.#
.... ... .....
###.####.......
#...a@.........
#####.#########
##....# #<..#.#
#...# # #.#.#
###.# .# ##


You could see a worker ant.

Vanquished Creatures
  An adder (D:3)
  A lemure (D:3)
  A giant mite (D:3)
  2 giant geckos
  3 oozes
  2 bats
  4 goblins
  7 hobgoblins
  A quokka (D:2)
  2 giant cockroaches (D:2)
  7 kobolds
  7 rats
38 creatures vanquished.

Vanquished Creatures (others)
  A goblin (D:1)
  A hobgoblin (D:3)
  A kobold (D:2)
  2 rats
5 creatures vanquished.

Grand Total: 43 creatures vanquished

Notes
Turn   | Place    | Note
--------------------------------------------------------------
     0 | D:1      | Daniel, the High Elf Healer, began the quest for the Orb.
     0 | D:1      | Reached XP level 1. HP: 14/14 MP: 3/3
   512 | D:1      | Reached XP level 2. HP: 12/19 MP: 1/5
  1340 | D:2      | Reached XP level 3. HP: 18/24 MP: 6/8
  1759 | D:2      | Reached skill level 1 in Short Blades
  2413 | D:3      | Reached XP level 4. HP: 16/30 MP: 8/10
  2828 | D:4      | Slain by a worker ant

Action                   |  1- 3 |  4- 6 || total
-------------------------+-------+-------++-------
Melee: Dagger            |    76 |       ||    76
       Unarmed           |    14 |       ||    14
       Short sword       |    18 |       ||    18
       Falchion          |   120 |    40 ||   160
Invok: Lesser Healing    |    19 |     6 ||    25
       Lesser Self-Heali |     4 |       ||     4
Evoke: Wand              |     3 |       ||     3
  Use: Scroll            |     6 |       ||     6
 Stab: Sleeping          |     2 |       ||     2
